[Event "Team 45 45 League T48"]
[Site "Internet Chess Club"]
[Date "2011.02.11"]
[Round "1"]
[White "tryanything"]
[Black "drsigmund1"]
[Result "0-1"]
[WhiteElo "1579"]
[BlackElo "1481"]
[Opening "Giuoco Piano"]
[ECO "C50"]
[Time "14:44:56"]
[TimeControl "2700+45"]

1. e4 e5 2. Nf3 Nc6 3. Bc4 Bc5 4. O-O Nf6 5. d4 Bxd4 6. Nxd4 Nxd4 7. Bg5 O-O 8.
Nc3 c6 9. a4 d6 10. h3 Ne6 11. Bh4 Nc7 12. f4 Nce8 13. fxe5 Qb6+ 14. Kh1 dxe5
15. b3 Qd4 16. Qf3 Be6 17. Bxe6 fxe6 18. Rad1 Qb6 19. g4 Qc5 20. Bf2 Qb4 21. Qe3
Nd6 22. Qc5 Qxc5 23. Bxc5 Ndxe4 24. Nxe4 Nxe4 25. Rxf8+ Rxf8 26. Bxf8 Nf2+ 27.
Kg1 Nxd1 28. Bd6 e4 29. Be5 Ne3 30. c3 a6 31. Kf2 Nd5 32. c4 Nb4 33. Ke3 Nd3 34.
h4 Kf7 35. Bd6 Nc1 36. b4 Na2 37. a5 Ke8 38. Kxe4 Kd7 39. Bf8 g6 40. Ke5 Nc1 41.
Ke4 Nb3 42. Bh6 c5 43. bxc5 Nxa5 44. Kd3 Nc6 45. Bf4 e5 46. Be3 Ke6 47. Ke4 Na5
48. Kd3 h5 49. g5 Kf5 50. Bf2 Nc6 51. Kc3 Ke4 52. Kc2 Kf3 53. Be1 Ke2 54. Bg3 e4
{White resigns} 0-1

[Event "Team 45 45 League T48"]
[Site "Internet Chess Club"]
[Date "2011.02.13"]
[Round "1"]
[White "sdcohle"]
[Black "PostMike"]
[Result "1/2-1/2"]
[WhiteElo "1393"]
[BlackElo "1462"]
[Opening "Nimzo-Indian defense"]
[ECO "E20"]
[Time "15:00:29"]
[TimeControl "2700+45"]

1. d4 Nf6 2. c4 e6 3. Nc3 Bb4 4. Bd2 Bxc3 5. Bxc3 b6 6. Nf3 Bb7 7. e3 Ne4 8. Rc1
O-O 9. Bd3 Ng5 10. Be2 d6 11. O-O Nd7 12. Nxg5 Qxg5 13. Bf3 Bxf3 14. Qxf3 d5 15.
cxd5 exd5 16. Bb4 Rfc8 17. Rfe1 a5 18. Bd2 Nf6 19. Rc6 Ne4 20. Bc1 a4 21. a3 Qd8
22. Qe2 Nd6 23. Rc2 c5 24. dxc5 Rxc5 25. Rd1 Rxc2 26. Qxc2 Ne4 27. f3 Nc5 28.
Bd2 Rc8 29. Bc3 Nb3 30. Qd3 Qg5 31. f4 Qe7 32. Bb4 Qe6 33. Kf2 Rd8 34. Bc3 Nc5
35. Qc2 Ne4+ 36. Ke2 Nxc3+ 37. Qxc3 Qg4+ 38. Ke1 Qxg2 39. Rd2 Qg1+ 40. Ke2 Qxh2+
41. Kd3 Qh3 42. Qd4 Qf1+ 43. Re2 Qd1+ 44. Rd2 Qb3+ 45. Ke2 b5 46. Rd3 Qc2+ 47.
Kf3 Qc6 48. Rc3 Qd7 49. Kg3 h5 50. e4 Qg4+ 51. Kf2 Qxf4+ 52. Rf3 Qxe4 53. Qb6
Qe8 54. Rg3 d4 55. Qh6 g6 56. Qxh5 Qd7 57. Qh6 Qf5+ 58. Kg1 Qb1+ 59. Kh2 Qxb2+
60. Rg2 Qc3 61. Rxg6+ fxg6 62. Qxg6+ Kf8 63. Qf6+ Ke8 64. Qe6+ Kf8 65. Qf6+
{Game drawn by mutual agreement} 1/2-1/2

[Event "Team 45 45 League T48"]
[Site "Internet Chess Club"]
[Date "2011.02.13"]
[Round "1"]
[White "rubo"]
[Black "vaknight"]
[Result "1/2-1/2"]
[WhiteElo "1699"]
[BlackElo "1738"]
[Opening "Bird: From gambit, Lasker variation"]
[ECO "A02"]
[Time "20:00:15"]
[TimeControl "2700+45"]

1. f4 e5 2. fxe5 d6 3. exd6 Bxd6 4. Nf3 g5 5. d4 g4 6. Ng5 f5 7. e4 h6 8. e5 Be7
9. Nh3 gxh3 10. Qh5+ Kf8 11. Bc4 Rh7 12. c3 Bg5 13. Nd2 Nc6 14. Nf3 Bxc1 15.
Rxc1 Qe7 16. Qxh3 Rg7 17. O-O f4 18. Qh5 Bg4 19. Qh4 Na5 20. Bxg8 Kxg8 21. Qxh6
Nc4 22. Qxf4 Rf8 23. Qe4 c6 24. b3 Bxf3 25. Rxf3 Rxf3 26. Qxf3 Qg5 27. Rf1 Ne3
28. Rf2 Kh7 29. Qh3+ Kg8 30. Qe6+ Kh7 31. Qh3+ Kg8 32. Qe6+ Kh7 33. Qh3+ {Game
drawn by repetition} 1/2-1/2

[Event "Team 45 45 League T48"]
[Site "Internet Chess Club"]
[Date "2011.02.12"]
[Round "1"]
[White "rayonline53"]
[Black "Portola"]
[Result "0-1"]
[WhiteElo "1466"]
[BlackElo "1781"]
[Opening "French: exchange variation"]
[ECO "C01"]
[Time "13:00:41"]
[TimeControl "2700+45"]

1. e4 e6 2. d4 d5 3. exd5 exd5 4. c4 Nf6 5. Nc3 c6 6. Nf3 Be7 7. cxd5 Nxd5 8.
Be2 O-O 9. O-O Nxc3 10. bxc3 Be6 11. Be3 Nd7 12. Qc2 Bf6 13. Rfd1 Nb6 14. Rab1
Qc7 15. Ng5 Bxg5 16. Bxg5 f6 17. Bh4 Qf7 18. a4 Nc4 19. Bxc4 Bxc4 20. Re1 Rfe8
21. a5 Rxe1+ 22. Rxe1 Re8 23. Rxe8+ Qxe8 24. Qd2 Qe4 {White resigns} 0-1

[Event "Team 45 45 League T48"]
[Site "Internet Chess Club"]
[Date "2011.02.13"]
[Round "1"]
[White "g8wrb"]
[Black "Giacometti"]
[Result "0-1"]
[WhiteElo "1367"]
[BlackElo "1724"]
[Opening "Caro-Kann: classical, 6.h4"]
[ECO "B18"]
[Time "10:00:49"]
[TimeControl "2700+45"]

1. e4 c6 2. d4 d5 3. Nc3 dxe4 4. Nxe4 Bf5 5. Ng3 Bg6 6. h4 h6 7. h5 Bh7 8. Nf3
Nd7 9. Bd3 Bxd3 10. Qxd3 Ngf6 11. Bf4 Qa5+ 12. Bd2 Qc7 13. O-O-O O-O-O 14. Rhe1
e6 15. Qb3 Bd6 16. Ne5 Nxe5 17. dxe5 Bxe5 18. Ne4 Bf4 19. Nxf6 Bxd2+ 20. Rxd2
Rxd2 21. Kxd2 Rd8+ 22. Kc1 Qf4+ 23. Qe3 Qxe3+ 24. Rxe3 gxf6 25. Rf3 f5 26. g4
Rd5 27. gxf5 Rxf5 28. Rxf5 exf5 29. f4 Kd7 30. c4 Kd6 31. Kd2 b5 32. b3 a5 33.
Kc3 Kc5 34. cxb5 cxb5 35. a3 a4 36. b4+ Kd5 37. Kd3 f6 38. Kc3 Ke4 39. Kd2 Kxf4
40. Kd3 Kg3 41. Kd4 f4 {White resigns} 0-1

[Event "Team 45 45 League T48"]
[Site "Internet Chess Club"]
[Date "2011.02.11"]
[Round "1"]
[White "oldprez"]
[Black "AtomicDog"]
[Result "1-0"]
[WhiteElo "1369"]
[BlackElo "1443"]
[Opening "Sicilian: Scheveningen (Paulsen), classical variation"]
[ECO "B84"]
[Time "10:00:39"]
[TimeControl "2700+45"]

1. e4 c5 2. Nf3 d6 3. d4 cxd4 4. Nxd4 Nf6 5. Nc3 a6 6. Be2 e6 7. O-O Be7 8. Be3
Qc7 9. f4 Nbd7 10. Kh1 b5 11. Bf3 Bb7 12. e5 Nd5 13. Nxd5 exd5 14. e6 Nf6 15.
exf7+ Kxf7 16. c3 Rae8 17. Nf5 Bd8 18. Bd4 Bc8 19. Ne3 Bb7 20. Qb3 Qc6 21. Bxf6
Rxe3 22. Bd4 Re7 23. f5 Rc7 24. Rae1 Qc4 25. Bh5+ {Black resigns} 1-0

[Event "Team 45 45 League T48"]
[Site "Internet Chess Club"]
[Date "2011.02.13"]
[Round "1"]
[White "Monsoon-Smith"]
[Black "bogolijubov"]
[Result "1-0"]
[WhiteElo "1948"]
[BlackElo "1831"]
[Opening "Neo-Grünfeld, 6.cd Nxd5, 7.O-O Nb6"]
[ECO "D76"]
[Time "14:02:23"]
[TimeControl "2700+45"]

1. d4 Nf6 2. c4 g6 3. Nf3 Bg7 4. g3 d5 5. cxd5 Nxd5 6. Bg2 O-O 7. O-O Nb6 8. Nc3
Nc6 9. d5 Na5 10. Qc2 Nxd5 11. Rd1 c6 12. e4 Nb4 13. Qa4 Qb6 14. Be3 c5 15. a3
Nbc6 16. Nd5 Qb3 17. Qxb3 Nxb3 18. Rab1 e6 19. Nc7 Rb8 20. Nb5 b6 21. Rd6 Ba6
22. Bf1 Bxb5 23. Bxb5 Ne5 24. Nxe5 Bxe5 25. Rd7 Rfd8 26. Rxa7 Nd2 27. Rc1 Rd3
28. Bxd3 {Black resigns} 1-0

[Event "Team 45 45 League T48"]
[Site "Internet Chess Club"]
[Date "2011.02.10"]
[Round "1"]
[White "spunni"]
[Black "Phosphorus"]
[Result "0-1"]
[WhiteElo "1783"]
[BlackElo "2130"]
[Opening "French: King's Indian attack"]
[ECO "C00"]
[Time "13:00:22"]
[TimeControl "2700+45"]

1. e4 e6 2. d3 d5 3. Nd2 Nf6 4. Ngf3 b5 5. g3 c5 6. Bg2 Be7 7. O-O Nc6 8. Re1
Bb7 9. c3 a5 10. exd5 exd5 11. Nb3 O-O 12. Bg5 a4 13. Bxf6 gxf6 14. Nbd2 Qd7 15.
Nh4 Rfe8 16. Qh5 Ne5 17. Nf5 Bf8 18. Re3 d4 19. Be4 Ng6 20. Bxb7 dxe3 21. Ne4
exf2+ 22. Kxf2 Rxe4 23. Bxe4 Re8 24. Re1 b4 25. cxb4 cxb4 26. Rc1 Rxe4 {White
resigns} 0-1

[Event "Team 45 45 League T48"]
[Site "Internet Chess Club"]
[Date "2011.02.14"]
[Round "1"]
[White "Freitac"]
[Black "perikitosax"]
[Result "1/2-1/2"]
[WhiteElo "1957"]
[BlackElo "2008"]
[Opening "Benoni: fianchetto, 9...Nbd7"]
[ECO "A64"]
[Time "15:08:45"]
[TimeControl "2700+45"]

1. d4 Nf6 2. c4 c5 3. d5 e6 4. Nc3 exd5 5. cxd5 d6 6. g3 g6 7. Bg2 Bg7 8. Nf3
O-O 9. O-O Nbd7 10. a4 a6 11. Nd2 Nh5 12. Nce4 Ndf6 13. Nxf6+ Bxf6 14. Nc4 Re8
15. a5 Bg7 16. Qc2 f5 17. f3 Nf6 18. e4 fxe4 19. fxe4 Ng4 20. Bf4 Ne5 21. Bxe5
Bxe5 22. Nxe5 Rxe5 23. Qf2 Qe7 24. Ra3 Bd7 25. Rf3 Bb5 26. Rf7 Qd8 27. Rxb7 Re7
28. Rxe7 Qxe7 29. Qf6 Qxf6 30. Rxf6 Rd8 31. Kf2 Kg7 32. Re6 Be8 33. Ke3 Bf7 34.
Re7 Rb8 35. Bh3 Kf6 36. Rd7 Rb3+ 37. Kd2 Rxb2+ 38. Kc3 Rxh2 39. Bf1 Rf2 40. Bxa6
Ra2 41. Rxd6+ Ke5 42. Rb6 {Game drawn by mutual agreement} 1/2-1/2

[Event "Team 45 45 League T48"]
[Site "Internet Chess Club"]
[Date "2011.02.14"]
[Round "1"]
[White "CapitanTrueno"]
[Black "Uragon-bocho"]
[Result "0-1"]
[WhiteElo "1766"]
[BlackElo "1969"]
[Opening "Caro-Kann: classical variation"]
[ECO "B18"]
[Time "09:02:29"]
[TimeControl "2700+45"]

1. e4 c6 2. d4 d5 3. Nc3 dxe4 4. Nxe4 Bf5 5. Ng3 Bg6 6. Nf3 e6 7. h4 h6 8. Bd3
Bxd3 9. Qxd3 Nf6 10. Bd2 a5 11. c4 Na6 12. a3 Nc5 13. Qc2 Ncd7 14. Bc3 b5 15. b3
Be7 16. Ne4 Qc7 17. Bb2 Rb8 18. Nxf6+ Bxf6 19. O-O bxc4 20. bxc4 Qf4 21. Bc3 Qc7
22. Rab1 O-O 23. Qd2 Ra8 24. Rb2 e5 25. dxe5 Nxe5 26. Bxe5 Bxe5 27. Nxe5 Qxe5
28. Re1 Qc5 29. Qc3 Rfe8 30. Rbe2 Rxe2 31. Rxe2 Rd8 32. Re1 Rd4 33. Qc2 g6 34.
Re8+ Kg7 35. Qb2 Qxc4 36. Qb8 Rd1+ 37. Kh2 Qxh4# {White checkmated} 0-1

[Event "Team 45 45 League T48"]
[Site "Internet Chess Club"]
[Date "2011.02.12"]
[Round "1"]
[White "egyptiantiger"]
[Black "chiiwen"]
[Result "0-1"]
[WhiteElo "2111"]
[BlackElo "2215"]
[Opening "Queen's pawn game, Darooha variation "]
[ECO "D11"]
[Time "15:00:36"]
[TimeControl "2700+45"]

1. d4 d5 2. Nf3 Nf6 3. c4 c6 4. g3 Bg4 5. Ne5 Bf5 6. Bg2 e6 7. O-O Nbd7 8. Nc3
Be7 9. Bf4 O-O 10. c5 Nxe5 11. Bxe5 Nd7 12. Bf4 Re8 13. e4 dxe4 14. Nxe4 Bxe4
15. Bxe4 Nf6 16. Bg2 Nd5 17. Qd2 Qd7 18. Rfd1 Red8 19. Bxd5 Qxd5 20. Qc3 Rd7 21.
b4 Rad8 22. Rd2 Qe4 23. Rad1 h5 24. Qe3 Qf5 25. h4 Rd5 26. a4 a6 27. Qe2 Bxh4
28. b5 axb5 29. axb5 Bg5 30. Qxh5 Bxf4 31. Qxf5 Rxf5 32. gxf4 Rxf4 33. b6 Rf5
34. Kf1 Rfd5 35. Ke2 Kf8 36. Ke3 Ke7 37. f4 g5 38. fxg5 Rxg5 39. Ra2 Rgd5 40.
Ra7 R8d7 41. Rc1 e5 42. dxe5 Rxe5+ 43. Kf4 Ke6 44. Rc3 f6 45. Rc2 Rg7 46. Rc1
Rf5+ 47. Ke4 Rh5 48. Kf3 Rh3+ 49. Kf2 Rd7 50. Re1+ Kf7 51. Rc1 f5 52. Kg2 Rb3
53. Rc2 Kf6 54. Ra8 Rg7+ 55. Kf2 Rh3 56. Rc1 Rh2+ 57. Kf3 Rd2 58. Rf8+ Rf7 59.
Rh8 Rd5 60. Rc2 Rfd7 61. Rh1 Rd3+ 62. Ke2 Rg3 63. Kf2 Rg4 64. Rh8 Rdg7 65. Rh2
Ke5 66. Rc1 Rf4+ 67. Ke2 Kd5 68. Rh8 Re7+ 69. Kd2 Rd4+ 70. Kc2 Rc4+ 71. Kd2 Rxc1
72. Kxc1 Kxc5 73. Rf8 Re5 74. Kd2 Kxb6 75. Kd3 Kc5 {White resigns} 0-1

[Event "Team 45 45 League T48"]
[Site "Internet Chess Club"]
[Date "2011.02.12"]
[Round "1"]
[White "AronT"]
[Black "Dreamshell"]
[Result "1-0"]
[WhiteElo "2090"]
[BlackElo "1879"]
[Opening "QGD: exchange, positional line, 6.Qc2"]
[ECO "D36"]
[Time "20:02:10"]
[TimeControl "2700+45"]

1. d4 d5 2. c4 e6 3. Nc3 Nf6 4. cxd5 exd5 5. Bg5 c6 6. Qc2 Bd6 7. e3 Nbd7 8. Bd3
Qa5 9. Nf3 O-O 10. O-O Re8 11. a3 h6 12. Bh4 Nh5 13. b4 Qc7 14. Rfc1 g5 15. Bg3
Nxg3 16. hxg3 Qd8 17. b5 Nb6 18. bxc6 bxc6 19. Na4 Nxa4 20. Qxa4 Bd7 21. Qc2 Qe7
22. a4 a5 23. Rab1 Rab8 24. Bf5 Bxf5 25. Qxf5 Rxb1 26. Rxb1 Qe4 27. Qxe4 dxe4
28. Nd2 Bb4 29. Nb3 Rd8 30. Rc1 Rd6 31. g4 h5 32. gxh5 g4 33. Nc5 f5 34. Na6 Ba3
35. Rc3 Bb2 36. Rc5 Rf6 37. g3 Kf7 38. Rxa5 Ke6 39. Re5+ Kd6 40. Nc5 Ba3 41. h6
Rf8 42. h7 Bb4 43. Rxf5 {Black resigns} 1-0

[Event "Team 45 45 League T48"]
[Site "Internet Chess Club"]
[Date "2011.02.11"]
[Round "1"]
[White "Alphalegacy"]
[Black "martineden"]
[Result "1-0"]
[WhiteElo "2045"]
[BlackElo "1862"]
[Opening "Pirc: Austrian attack, dragon formation"]
[ECO "B07"]
[Time "11:29:21"]
[TimeControl "2700+45"]

1. e4 d6 2. d4 g6 3. Nc3 Bg7 4. f4 Nf6 5. Nf3 c5 6. Be3 Qa5 7. Qd2 Nc6 8. d5 Nb8
9. Be2 Qb4 10. Bd3 Bd7 11. h3 b5 12. O-O O-O 13. a3 Qa5 14. Nxb5 Qxd2 15. Nxd2
a6 16. Nc3 Rc8 17. Nc4 Ra7 18. e5 Nh5 19. g4 dxe5 20. gxh5 exf4 21. Bxf4 Bxh3
22. hxg6 hxg6 23. Rfe1 Bd4+ 24. Kh2 Bg4 25. Kg3 f5 26. Re6 Kf7 27. Rae1 Bh5 28.
Bg5 {Black resigns} 1-0

[Event "Team 45 45 League T48"]
[Site "Internet Chess Club"]
[Date "2011.02.13"]
[Round "1"]
[White "Atlantis"]
[Black "musk6868"]
[Result "1-0"]
[WhiteElo "1861"]
[BlackElo "1877"]
[Opening "Dutch: Leningrad variation"]
[ECO "A87"]
[Time "13:07:42"]
[TimeControl "2700+45"]

1. d4 f5 2. c4 Nf6 3. g3 g6 4. Bg2 Bg7 5. Nc3 O-O 6. Nf3 d6 7. O-O Qe8 8. Qd3 h6
9. d5 Na6 10. Nd4 Nc5 11. Qd1 a5 12. Nb3 b6 13. Nxc5 bxc5 14. Bd2 Bd7 15. Rb1
Rb8 16. Qc2 Ng4 17. f4 Kh8 18. e3 g5 19. h3 Nf6 20. e4 Nh5 21. Kh2 Qg6 22. fxg5
hxg5 23. exf5 Bxf5 24. Be4 Bxe4 25. Qxe4 Qh6 26. b3 Be5 27. Ne2 Nf6 28. Qd3 Rf7
29. Kg2 Rbf8 30. Bc3 Bxc3 31. Qxc3 Qg6 32. Rbe1 Kg8 33. Ng1 Ne4 34. Qe3 Rf2+ 35.
Rxf2 Nxf2 36. Qe6+ Qxe6 37. Rxe6 Rf7 38. Nf3 g4 39. hxg4 Nxg4 40. Rg6+ Rg7 41.
Re6 Kf7 42. Nh4 Rg5 43. Kf3 Ne5+ 44. Kg2 c6 45. Rh6 cxd5 46. cxd5 Ng6 47. Nxg6
Rxg6 48. Rh8 Rg8 49. Rxg8 Kxg8 50. Kf3 Kf7 51. Kf4 Kf6 52. g4 e5+ 53. dxe6 d5
54. e7 Kxe7 55. Ke5 d4 56. Ke4 Ke6 57. a3 Kf6 58. b4 cxb4 59. axb4 a4 60. Kxd4
Kg5 61. b5 Kxg4 62. b6 a3 63. Kc3 Kf5 64. b7 Ke6 65. b8=Q a2 66. Qb3+ Kd6 67.
Qxa2 Kc6 68. Qa4+ Kd6 69. Qb5 Kc7 70. Qa6 Kb8 71. Qh6 Kc7 72. Kc4 Kb8 73. Qh7
Kc8 74. Kc5 {Black resigns} 1-0

[Event "Team 45 45 League T48"]
[Site "Internet Chess Club"]
[Date "2011.02.11"]
[Round "1"]
[White "trickey1872"]
[Black "g8wrb"]
[Result "1-0"]
[WhiteElo "1598"]
[BlackElo "1386"]
[Opening "English: Queens Indian formation"]
[ECO "A05"]
[Time "07:01:08"]
[TimeControl "2700+45"]

1. Nf3 Nf6 2. c4 b6 3. Nc3 e6 4. e4 Bb7 5. d3 d6 6. Be2 Be7 7. b4 O-O 8. a3 c5
9. O-O Nc6 10. Bb2 Nd4 11. Na2 Nxe2+ 12. Qxe2 e5 13. Nd2 Qd7 14. Nc3 Bc8 15. f4
Qg4 16. Qxg4 Nxg4 17. Nd5 Bd8 18. h3 Nf6 19. fxe5 Nxd5 20. exd5 Re8 21. exd6 Bd7
22. Rae1 Bg5 23. Ne4 Bh6 24. bxc5 bxc5 25. Nxc5 Be3+ 26. Rxe3 Rxe3 27. Nxd7 Rxd3
28. Ne5 Rd2 29. Bc3 Rc2 30. Ba5 Re8 31. d7 {Black resigns} 1-0

[Event "Team 45 45 League T48"]
[Site "Internet Chess Club"]
[Date "2011.02.12"]
[Round "1"]
[White "SCUGrad"]
[Black "Oscar"]
[Result "0-1"]
[WhiteElo "1403"]
[BlackElo "1524"]
[Opening "French: Tarrasch, closed variation"]
[ECO "C05"]
[Time "23:00:14"]
[TimeControl "2700+45"]

1. e4 e6 2. d4 d5 3. Nd2 Nf6 4. e5 Nfd7 5. Ngf3 c5 6. c3 Nc6 7. Nb3 Be7 8. Be3
cxd4 9. cxd4 Qb6 10. Be2 a5 11. O-O a4 12. Nc1 Qxb2 13. Nd3 Qb6 14. a3 Qc7 15.
Nb2 Nb6 16. Bb5 Bd7 17. Nxa4 Nxa4 18. Bxa4 O-O 19. Qc2 Qa5 20. Bxc6 Bxc6 21. Ra2
Rfc8 22. Qd2 Qxd2 23. Bxd2 Rxa3 24. Rxa3 Bxa3 25. Rb1 b5 26. Bb4 Bxb4 27. Rxb4
Bd7 28. Nd2 Rc1+ 29. Nf1 Rc4 30. Rxc4 dxc4 31. Nd2 Bc6 32. f3 c3 33. Nb3 Bd5 34.
Nc1 b4 35. Kf2 b3 36. Nxb3 Bxb3 37. Ke2 c2 38. Kd2 {White resigns} 0-1

[Event "Team 45 45 League T48"]
[Site "Internet Chess Club"]
[Date "2011.02.14"]
[Round "1"]
[White "one-over"]
[Black "AlPearson"]
[Result "0-1"]
[WhiteElo "1344"]
[BlackElo "1406"]
[Opening "Alekhine's defense: Scandinavian variation"]
[ECO "B02"]
[Time "13:06:15"]
[TimeControl "2700+45"]

1. e4 Nf6 2. Nc3 d5 3. exd5 Nxd5 4. Nxd5 Qxd5 5. d4 Nc6 6. Nf3 Bg4 7. c3 O-O-O
8. Be2 Qe4 9. O-O e6 10. Re1 Bd6 11. Be3 Ne7 12. h3 Bf5 13. Ng5 Qh4 14. Nf3 Qh5
15. Qc1 Rdg8 16. Bf4 Bxf4 17. Qxf4 Nd5 18. Qh4 Qg6 19. Qg5 Re8 20. Qxg6 Bxg6 21.
Ne5 Re7 22. g3 Rhe8 23. Bf3 Nf6 24. Kh2 Nd7 25. Re3 Nxe5 26. dxe5 Rd8 27. Rae1
Red7 28. R1e2 Rd2 29. Rxd2 Rxd2 30. Re2 Rd8 31. Kg2 c5 32. h4 Bd3 33. Rd2 b6 34.
Kg1 Bc4 35. Rxd8+ Kxd8 36. b3 Bd5 37. Be2 Ke7 38. f3 a5 39. c4 Bb7 40. Kf2 Kd7
41. f4 Kc6 42. Ke3 Kd7 43. Bf3 Bc6 44. Be2 Ke7 45. Bd3 h6 46. Be4 Kd7 47. Bxc6+
Kxc6 48. Ke4 b5 49. cxb5+ Kxb5 50. Kd3 Kb4 51. Kc2 c4 52. bxc4 Kxc4 53. a3 a4
54. Kb2 Kd3 55. Kb1 Kc3 56. Ka2 Kc2 57. Ka1 Kb3 58. Kb1 Kxa3 59. Ka1 Kb3 60. Kb1
Kc3 61. Ka2 Kd4 62. Ka3 Ke4 63. Kxa4 Kf3 64. h5 Kxg3 65. Kb4 Kxf4 66. Kc4 Kxe5
67. Kd3 Kf5 {White resigns} 0-1

[Event "Team 45 45 League T48"]
[Site "Internet Chess Club"]
[Date "2011.02.12"]
[Round "1"]
[White "AtomicDog"]
[Black "dondel"]
[Result "1-0"]
[WhiteElo "1451"]
[BlackElo "1250"]
[Opening "Caro-Kann: advance variation"]
[ECO "B12"]
[Time "11:00:41"]
[TimeControl "2700+45"]

1. e4 c6 2. d4 d5 3. e5 e6 4. Nc3 Bb4 5. Be2 Bxc3+ 6. bxc3 Ne7 7. Nf3 O-O 8. O-O
Nd7 9. Ba3 f6 10. Bd3 fxe5 11. Bxh7+ Kxh7 12. Ng5+ Kg8 13. Nxe6 Qa5 14. Bxe7 Rf7
15. Bb4 Qb6 16. Ng5 Rf6 17. Qh5 Nf8 18. Bxf8 Bf5 19. Be7 Bg6 20. Qe2 Rf5 21.
dxe5 Qb2 22. Rfb1 Qxc3 23. Qd3 Qxd3 24. cxd3 Rxe5 25. Re1 Rxe1+ 26. Rxe1 Bxd3
27. Ne6 Kf7 28. Ng5+ Kg8 29. Bd6 d4 30. f4 Bc4 31. a3 d3 32. Nf3 Kh7 33. Nd2 Bd5
34. Re3 Rd8 35. Be5 Ba2 36. Rg3 Rd7 37. Rf3 Kg6 38. g4 Kf7 39. h4 b6 40. f5 Rd5
41. Re3 Ra5 42. Bb2 Rb5 43. Bc3 Rd5 44. Re6 Rc5 45. Ne4 Rxc3 46. Nxc3 Bxe6 47.
fxe6+ Kxe6 48. Kf2 d2 49. Ke2 d1=Q+ 50. Nxd1 Ke5 51. Ne3 Ke4 52. h5 Kf4 53. Kf2
a5 54. Nf5 Kxg4 55. Nxg7 Kg5 56. Ke3 a4 57. Ne6+ Kxh5 58. Nd4 c5 59. Nb5 Kg5 60.
Ke4 Kg4 61. Kd5 Kf5 62. Kc6 Ke5 63. Kxb6 Kd5 64. Ka5 Ke5 65. Kxa4 Ke4 66. Ka5
Ke5 67. Kb6 Kd5 68. a4 c4 69. a5 {Black resigns} 1-0

[Event "Team 45 45 League T48"]
[Site "Internet Chess Club"]
[Date "2011.02.14"]
[Round "1"]
[White "houseofcook"]
[Black "Berke"]
[Result "0-1"]
[WhiteElo "1421"]
[BlackElo "1482"]
[Opening "Scotch gambit: Benima defense"]
[ECO "C44"]
[Time "13:00:31"]
[TimeControl "2700+45"]

1. e4 e5 2. Nf3 Nc6 3. d4 exd4 4. Bc4 Be7 5. Nxd4 Nf6 6. Nc3 O-O 7. O-O Ne5 8.
Bb3 d6 9. Nf5 Bxf5 10. exf5 Qd7 11. Nd5 c6 12. Nxe7+ Qxe7 13. f4 Neg4 14. c3 d5
15. Kh1 Qc5 16. Qd4 Qxd4 17. cxd4 Rae8 18. Bd2 Re2 19. Rad1 Rfe8 20. h3 Nf2+ 21.
Kg1 Nxd1 22. Rxd1 Ne4 23. Bc1 Ng3 24. Bd2 Nxf5 25. Bc3 Nh4 26. Rd2 Rxd2 27. Bxd2
Re2 {White resigns} 0-1

[Event "Team 45 45 League T48"]
[Site "Internet Chess Club"]
[Date "2011.02.13"]
[Round "1"]
[White "krysto"]
[Black "AndreaCoda"]
[Result "1/2-1/2"]
[WhiteElo "1501"]
[BlackElo "1380"]
[Opening "Scandinavian (center counter) defense"]
[ECO "B01"]
[Time "10:00:24"]
[TimeControl "2700+45"]

1. e4 d5 2. exd5 Qxd5 3. Nc3 Qa5 4. d4 Nf6 5. Bd2 c6 6. Nf3 Bf5 7. Ne4 Qc7 8.
Nxf6+ exf6 9. c3 Bd6 10. Be2 O-O 11. O-O Nd7 12. Be3 b6 13. h3 Rfe8 14. Bd3 Be4
15. Re1 Bxd3 16. Qxd3 c5 17. Rad1 Re7 18. Rd2 Rae8 19. Rde2 cxd4 20. Bxd4 Ne5
21. Nxe5 Bxe5 22. Be3 g6 23. Bh6 f5 24. Bg5 Re6 25. Kf1 Bg7 26. Rxe6 Rxe6 27.
Rxe6 fxe6 28. Qd8+ Qxd8 29. Bxd8 Be5 30. Ke2 Kf7 31. Kd3 Ke8 32. Bg5 Kd7 33. b3
Kd6 34. Kc4 Kc6 35. a4 a6 36. Bd2 Bf6 {Game drawn by mutual agreement} 1/2-1/2

[Event "Team 45 45 League T48"]
[Site "Internet Chess Club"]
[Date "2011.02.13"]
[Round "1"]
[White "blizzard13"]
[Black "Elalfer"]
[Result "1-0"]
[WhiteElo "1453"]
[BlackElo "1347"]
[Opening "Sicilian: Taimanov variation"]
[ECO "B46"]
[Time "14:00:44"]
[TimeControl "2700+45"]

1. e4 c5 2. Nf3 Nc6 3. d4 cxd4 4. Nxd4 e6 5. Nc3 a6 6. Be3 Bb4 7. Qd2 Nf6 8. f3
d5 9. Nxc6 bxc6 10. a3 Qa5 11. Bd3 O-O 12. O-O Bxc3 13. bxc3 Bd7 14. e5 Ne8 15.
Rfb1 Nc7 16. Bb6 Qa4 17. Rb4 Qxb4 18. cxb4 Nb5 19. Bc5 Rfd8 20. Bxb5 cxb5 21. c3
Bc6 22. Qd4 Rd7 23. Bb6 Rc8 24. Bc5 Rcd8 25. g4 g6 26. g5 h5 27. gxh6 Kh7 28.
Qh4 Re8 29. Ra2 d4 30. cxd4 Bxf3 31. Rf2 Bh5 32. Qg5 Rc8 33. Rf4 Rcc7 34. Rh4
Rc8 35. Rxh5 gxh5 36. Qg7# {Black checkmated} 1-0

[Event "Team 45 45 League T48"]
[Site "Internet Chess Club"]
[Date "2011.02.13"]
[Round "1"]
[White "tamky70"]
[Black "RickLR"]
[Result "1-0"]
[WhiteElo "1339"]
[BlackElo "1298"]
[Opening "King's gambit"]
[ECO "C30"]
[Time "09:00:32"]
[TimeControl "2700+45"]

1. e4 e5 2. f4 d6 3. Nf3 Bg4 4. Be2 Nd7 5. O-O exf4 6. d4 Bxf3 7. Bxf3 g5 8. b3
Bg7 9. Bb2 Qe7 10. Qd3 h5 11. Nd2 g4 12. Be2 Qg5 13. Qc4 c5 14. e5 dxe5 15. Ne4
Qh4 16. Nd6+ {Black resigns} 1-0

[Event "Team 45 45 League T48"]
[Site "Internet Chess Club"]
[Date "2011.02.10"]
[Round "1"]
[White "dinosaurs01"]
[Black "Xanther"]
[Result "0-1"]
[WhiteElo "1453"]
[BlackElo "1491"]
[Opening "French: advance, Paulsen attack"]
[ECO "C02"]
[Time "20:00:10"]
[TimeControl "2700+45"]

1. e4 e6 2. d4 d5 3. e5 c5 4. c3 Nc6 5. Nf3 Qb6 6. Be2 Nh6 7. Na3 Nf5 8. Nc2
cxd4 9. cxd4 Bb4+ 10. Kf1 O-O 11. a3 Be7 12. b4 Bd7 13. Ke1 Rac8 14. Bb2 Na5 15.
Ne3 Nxe3 16. fxe3 Nc4 17. Bxc4 Rxc4 18. Nd2 Rc7 19. Rf1 Bb5 20. Rf3 Bd3 21. Kf2
Rc2 22. Ra2 Rfc8 23. Kg1 Qa6 24. Rf2 Bxb4 25. Nf3 Rxf2 26. Kxf2 Rc2+ 27. Kg1 Be7
28. Ne1 Bc4 29. Qxc2 Bg5 30. Ra1 Bxe3+ 31. Kh1 Kf8 32. Qxh7 Qb5 33. Rb1 Ba2 34.
a4 Qf1# {White checkmated} 0-1

[Event "Team 45 45 League T48"]
[Site "Internet Chess Club"]
[Date "2011.02.11"]
[Round "1"]
[White "Kristian1974"]
[Black "zigzag2002"]
[Result "0-1"]
[WhiteElo "1518"]
[BlackElo "1792"]
[Opening "QGD: Tarrasch defense, 4.cd ed"]
[ECO "D32"]
[Time "15:49:32"]
[TimeControl "2700+45"]

1. d4 d5 2. c4 e6 3. Nc3 c5 4. cxd5 exd5 5. e3 Nf6 6. Nf3 Nc6 7. Bb5 Be7 8. O-O
O-O 9. Qc2 Bg4 10. Be2 Bxf3 11. Bxf3 cxd4 12. Nd1 Rc8 13. exd4 Nxd4 14. Qd3
Nxf3+ 15. Qxf3 Ne4 16. Nc3 Nxc3 17. bxc3 Bf6 18. Bb2 Qa5 19. Rfc1 Rfe8 20. Rc2
d4 21. c4 Re1+ 22. Rxe1 Qxe1# {White checkmated} 0-1

[Event "Team 45 45 League T48"]
[Site "Internet Chess Club"]
[Date "2011.02.13"]
[Round "1"]
[White "cys456"]
[Black "SeniorCitizen"]
[Result "1-0"]
[WhiteElo "1473"]
[BlackElo "1340"]
[Opening "English: Bremen, reverse dragon"]
[ECO "A22"]
[Time "09:30:30"]
[TimeControl "2700+45"]

1. c4 e5 2. Nc3 Nf6 3. g3 d5 4. cxd5 Nxd5 5. Bg2 Nxc3 6. bxc3 Nc6 7. Bb2 Bc5 8.
d3 O-O 9. Nf3 Bg4 10. O-O Bxf3 11. Bxf3 Rb8 12. e3 Re8 13. Bg2 Ne7 14. d4 exd4
15. cxd4 Bb6 16. Qd3 c6 17. Be4 Ng6 18. Rfe1 Kh8 19. Bg2 Bc7 20. Qf5 Qc8 21.
Qxf7 Qe6 22. Qxc7 {Black resigns} 1-0